Map: Ley Lines

Players

Moja - Winner!

  • Race: Terran Terran
  • League: Grandmaster
  • Spawn Location: 7:00

IIIIIIII

  • Race: Terran Terran
  • League: Master
  • Spawn Location: 1:00

VOD

Have the link to the VOD?

Description

Time

  • Played on: April 9, 2025, 6:40 p.m.
  • Length: 6:35
Show
View Real Time Build Order
Export as new Build Order

Moja Terran - Winner!

Build Orders: Cyclone Opening 

Get SALT Encoding   

  12  0:00  SCV  
  13  0:12  SCV  
  14  0:18  Supply Depot  
  14  0:24  SCV  
  15  0:40  SCV, Barracks  
  16  0:43  Refinery  
  16  0:52  SCV  
  16  0:53  Refinery  
  17  1:04  SCV  
  18  1:16  SCV  
  19  1:27  Reaper  
  19  1:28  Orbital Command  
  19  1:31  Supply Depot  
  20  1:41  Factory  
  20  1:54  SCV  
  21  1:59  Reaper  
  22  2:06  SCV  
  23  2:15  Command Center  
  23  2:18  SCV  
  24  2:26  Hellion  
  26  2:30  SCV  
  26  2:31  Barracks Tech Lab  
  26  2:36  Supply Depot  
  27  2:43  SCV  
  28  2:54  Cyclone  
  28  2:55  Barracks Reactor  
  28  2:57  SCV  
  32  3:11  SCV  
  33  3:14  Starport  
  33  3:23  SCV, Refinery  
  33  3:26  Siege Tank  
  37  3:28  Orbital Command  
  37  3:32  Marine  
  37  3:43  SCV  
  38  3:54  SCV  
  38  3:55  SCV  
  40  3:59  Medivac, Viking  
  44  4:09  SCV  
  45  4:13  SCV  
  45  4:15  Siege Tank  
  49  4:18  Supply Depot  
  49  4:20  Supply Depot  
  49  4:21  SCV  
  50  4:29  Viking  
  53  4:34  Viking  
  53  4:37  Supply Depot  
  54  4:40  SCV x2  
  56  4:47  Siege Tank  
  56  4:52  SCV x2  
  61  4:58  Supply Depot  
  61  4:59  Viking  
  63  5:04  SCV x2  
  65  5:09  Supply Depot  
  65  5:16  SCV  
  65  5:17  SCV  
  65  5:18  Viking  
  69  5:24  Supply Depot  
  70  5:28  SCV  
  70  5:29  SCV  
  70  5:32  Viking  
  70  5:35  Barracks Tech Lab  
  73  5:40  SCV  
  73  5:41  SCV  
  75  5:52  SCV  
  75  5:53  SCV  
  75  5:59  Siege Tank  
  75  6:01  Command Center  
  78  6:04  SCV  
  78  6:05  SCV  
  77  6:16  SCV  
  77  6:17  SCV  
Show
View Real Time Build Order
Export as new Build Order

IIIIIIII Terran 

Build Orders:  

Get SALT Encoding   

  12  0:00  SCV  
  13  0:12  SCV  
  14  0:16  Supply Depot  
  14  0:24  SCV  
  15  0:38  SCV  
  15  0:39  Barracks  
  16  0:42  Refinery  
  16  0:50  SCV  
  16  0:52  Refinery  
  17  1:02  SCV  
  18  1:14  SCV  
  19  1:27  Supply Depot, Orbital Command, Reaper  
  20  1:40  Factory  
  20  1:52  SCV  
  21  1:59  Reaper  
  22  2:04  SCV  
  23  2:17  Command Center  
  23  2:19  SCV  
  24  2:28  Hellion  
  26  2:31  SCV  
  26  2:33  Barracks Reactor  
  27  2:42  Starport  
  27  2:44  SCV  
  28  2:50  Supply Depot, Factory Tech Lab  
  28  2:56  SCV  
  28  3:09  Cyclone  
  28  3:12  SCV  
  31  3:16  Marine x2  
  33  3:24  SCV  
  34  3:27  Medivac  
  34  3:29  Orbital Command  
  36  3:39  SCV  
  35  3:45  Marine x2  
  35  3:47  Refinery  
  35  3:50  Cyclone  
  35  3:51  SCV  
  35  3:54  SCV  
  40  4:02  Starport Tech Lab  
  40  4:03  SCV  
  40  4:04  Marine x2  
  42  4:16  SCV x2  
  43  4:22  Marine x2  
  47  4:24  Raven  
  47  4:32  Siege Tank  
  47  4:33  SCV  
  47  4:34  SCV  
  47  4:36  Supply Depot  
  52  4:39  Supply Depot  
  52  4:40  Interference Matrix  
  52  4:45  SCV  
  52  4:46  SCV  
  54  4:57  Marine x2  
  54  4:58  SCV x2  
  58  5:02  Supply Depot  
  58  5:03  Raven  
  60  5:10  SCV x2  
  62  5:15  Siege Tank  
  64  5:23  SCV x2  
  66  5:35  SCV x2  
  68  5:39  Marine x2, Refinery  
  68  5:40  Supply Depot  
  66  5:47  SCV x2  
  60  5:59  SCV x2  
  52  6:11  SCV x2  
  60  6:23  SCV  
Tags
 
Matchup
TvT
Player
Moja
Race
Terran
Replay Pack
Moja Replays
Spawn Locations
Cross Positions
Add a new tag
Caveats
  • Supply blocks, unpowered buildings, or Contaminate may cause inaccurate times.
  • Supply counts are checked every 10 seconds.